 Dungeon Crawl Stone Soup version 0.27-a0-1188-g73eefd5def (webtiles) character file.

Game seed: 3393210657191627412

3784 funkygono the Thaumaturge (level 10, -3/53 HPs)
             Began as a Gargoyle Fire Elementalist on May 19, 2021.
             Was a Believer of Vehumet.
             Slain by Harold
             ... wielding a +0 glaive
              (10 damage)
             ... on level 8 of the Dungeon on May 22, 2021.
             The game lasted 00:17:16 (7268 turns).

funkygono the Thaumaturge (GrFE)                    Turns: 7268, Time: 00:17:17

Health: -3/53      AC: 14    Str: 11    XL:     10   Next: 16%
Magic:  14/22      EV: 12    Int: 20    God:    Vehumet [**....]
Gold:   343        SH:  0    Dex: 10    Spells: 6/25 levels left

rFire    + . .     SeeInvis .   k - +4 whip
rCold    . . .     Faith    .   (no shield)
rNeg     + . .     Spirit   .   v - +0 steam dragon scales
rPois    ∞         Reflect  +   p - +0 helmet
rElec    +         Harm     .   s - +0 cloak
rCorr    .         Rampage  .   (no gloves)
Will     .....                  (no boots)
Stlth    +.........             g - amulet of reflection
HPRegen  0.17/turn              h - ring of protection from fire
MPRegen  0.18/turn              (no ring)

@: confused, ambrosia-drunk, marked
A: sickness immunity, AC +7, negative energy resistance 1, electricity
resistance, torment resistance 1, petrification resistance
a: Renounce Religion


You were on level 8 of the Dungeon.
You worshipped Vehumet.
Vehumet was pleased with you.
You visited 2 branches of the dungeon, and saw 9 of its levels.

You collected 343 gold pieces.

Inventory:

Hand Weapons
 e - a +1 whip
 i - a +1 morningstar
 k - a +4 whip (weapon)
 r - a +4 quarterstaff of chaos
Missiles
 b - 128 stones
 o - a throwing net
Armour
 a - a +0 robe
 p - a +0 helmet (worn)
 s - a +0 cloak (worn)
 v - +0 steam dragon scales (worn)
Magical Staves
 f - a staff of fire
 u - a staff of conjuration
Jewellery
 g - an amulet of reflection (around neck)
 h - a ring of protection from fire (left hand)
Wands
 l - a wand of charming (6)
 t - a wand of digging (3)
Scrolls
 q - a scroll of identify
 w - a scroll of teleportation
 y - a scroll of fear {unknown}
Potions
 d - 2 potions of brilliance
 j - 2 potions of flight
 n - a potion of degeneration {unknown}
 x - a potion of magic {unknown}


   Skills:
 + Level 1.6 Fighting
 + Level 2.3(2.4) Maces & Flails
 + Level 0.6(1.6) Staves
 + Level 2.9 Dodging
 - Level 2.1 Stealth
 + Level 1.8 Shields
 * Level 8.3 Spellcasting
 * Level 8.1 Conjurations
 + Level 0.5 Translocations
 * Level 7.6 Fire Magic


You had 6 spell levels left.
You knew the following spells:

 Your Spells              Type           Power      Damage    Failure   Level
a - Foxfire               Conj/Fire      100%       2x1d9     1%          1
b - Sticky Flame          Conj/Fire      39%        2d6       3%          4
c - Fireball              Conj/Fire      19%        3d9       9%          5
d - Blink                 Tloc           N/A        N/A       11%         2
e - Magic Dart            Conj           100%       1d8       1%          1
f - Bolt of Magma         Conj/Fire/Erth 14%        4d8       26%         5
g - Freeze                Ice            32%        1d5       9%          1

Your spell library contained the following spells:

 Spells                   Type           Power      Damage    Failure   Level
 Conjure Flame            Conj/Fire      39%        6-21      1%          3
 Inner Flame              Hex/Fire       23%        N/A       5%          3
 Mephitic Cloud           Conj/Pois/Air  19%        N/A       9%          3
 Iskenderun's Battlesphe  Conj           40%        2d9       9%          5
 Call Imp                 Summ           8%         N/A       13%         2
 Slow                     Hex            8%         N/A       13%         2
 Iron Shot                Conj/Erth      12%        9d3       94%         6
 Orb of Destruction       Conj           20%        9d9       94%         7
 Spellforged Servitor     Conj/Summ      12%        N/A       100%        7


Dungeon Overview and Level Annotations

Branches:
Dungeon (8/15)             Temple (1/1) D:5
   Lair: D:8-11

Altars:
Ashenzari
Cheibriados
Dithmenos
Elyvilon
Fedhas
Gozag
Kikubaaqudgha
Makhleb
Nemelex Xobeh
Okawaru
Qazlal
Ru
Sif Muna
Uskayaw
Vehumet
Wu Jian
Xom
Yredelemnul
Zin
The Shining One

Shops:
D:6 *

Annotations:
D:4 Robin
D:8 Harold


Innate Abilities, Weirdness & Mutations

You are immune to sickness and miasma.
Your stone body is resilient. (AC +7)
You are immune to poison.
You resist negative energy. (rN+)
You are resistant to electric shocks. (rElec)
You are resistant to unholy torment.
You are immune to petrification.


Message History

The sticky flame hits Harold but does no damage.
Harold is moderately wounded.
Harold is covered in liquid flames!
Harold burns!
Harold points at you and mumbles some strange words.
You barely resist.
You feel better.
Harold burns!
You block Harold's attack.
You hit Harold.
Harold is heavily wounded.
Harold burns!
Harold hits you but does no damage.
You barely miss Harold.
Harold is heavily wounded.
Harold burns!
Harold stops burning.
Harold barely misses you.
You hit Harold but do no damage.
Harold is severely wounded.
Harold hits you with a +0 glaive!
* * * LOW HITPOINT WARNING * * *
You hit Harold.
Harold is severely wounded.
Harold points at you and mumbles some strange words.
The mark upon you grows brighter.
Casting: Sticky Flame (dangerous; 3% risk of failure)
Confirm with . or Enter, or press ? or * to list all spells.
Aiming: Sticky Flame (dangerous; 3% risk of failure)
Press: ? - help, Shift-Dir - straight line, f/p - Harold
Aim: Harold, wielding a +0 glaive, wearing a +0 ring mail and quivering 3 throwing nets (severely wounded, 100% to hit)
The sticky flame hits Harold.
Harold is severely wounded.
Harold is covered in liquid flames!
Harold burns!
Harold barely misses you.
You whack Harold!
Harold is almost dead.
Harold burns!
Harold thinks, and says "Perhaps I'll take up carpentry after I'm done here..."
Harold hits you with a +0 glaive.
* * * LOW HITPOINT WARNING * * *
It was a potion of ambrosia.
You are confused.
You feel invigorated.
Harold burns!
Harold stops burning.
Harold grumbles, "Just give up already, I want to go home!"
Harold hits you with a +0 glaive!
You die...

.# .+ .## ..# . .. #.###+#..###
v# ##.#v..#.....#####.# #..#g..#
#.....@..+ #..###'# ##+#.@##+#
#...#..# #).##'# #..#......
#...#.)####.§#..# #.......≈.
#...##'#..#'##..# #.......≈.
#............#)##..####..#......
#........................#..≈...
#.#################.#...........
#.###########.... #.............
#...........#....####....)).)...


You could see Harold.

Vanquished Creatures
  Erica (D:8)
  A two-headed ogre (D:8)
  Maggie (D:8)
  2 water moccasins
  A black bear (D:5)
  An ice beast (D:7)
  5 ogres
  3 bullfrogs (D:7)
  A wyvern zombie (D:7)
  2 scorpions (D:6)
  A water moccasin zombie (D:5)
  A gnoll sergeant (D:5)
  A water moccasin skeleton (D:6)
  4 wights (D:6)
  A centaur zombie (D:7)
  2 hounds
  3 jellies
  3 orc priests
  A bullfrog skeleton (D:5)
  2 centaur skeletons (D:7)
  Crazy Yiuf (D:7)
  Terence (D:2)
  3 orc wizards
  10 gnolls
  5 adders
  A white imp (D:8)
  An ufetubus (D:6)
  A dart slug (D:1)
  11 orcs
  5 ball pythons
  6 bats
  4 endoplasms
  3 giant cockroaches (D:1)
  12 goblins
  5 hobgoblins
  8 jackals (D:1)
  7 kobolds
  2 quokkas
  5 frilled lizards
  4 rats
132 creatures vanquished.

Vanquished Creatures (others)
  509 foxfires
509 creatures vanquished.

Grand Total: 641 creatures vanquished

Notes
Turn   | Place    | Note
-------+----------+-------------------------------------------
     0 | D:1      | funkygono the Gargoyle Fire Elementalist began the quest
                  | for the Orb.
     0 | D:1      | Reached XP level 1. HP: 10/10 MP: 3/3
   271 | D:1      | Reached XP level 2. HP: 15/15 MP: 0/5
   745 | D:1      | Reached XP level 3. HP: 19/19 MP: 1/6
  1380 | D:2      | Noticed Terence
  1400 | D:2      | Killed Terence
  1401 | D:2      | Reached XP level 4. HP: 18/24 MP: 1/7
  1407 | D:2      | Learned a level 4 spell: Sticky Flame
  2435 | D:3      | You fall into a shaft and drop 2 floors!
  2435 | D:5      | Entered Level 5 of the Dungeon
  2445 | D:5      | Noticed a gnoll sergeant
  2445 | D:5      | Noticed an ogre
  2555 | D:5      | Noticed an ogre
  2571 | D:5      | Killed an ogre
  2572 | D:5      | Reached XP level 5. HP: 28/28 MP: 3/9
  2638 | D:4      | Noticed Robin
  2681 | D:4      | Noticed a black bear
  2738 | D:5      | Reached XP level 6. HP: 27/33 MP: 7/11
  2774 | D:5      | Learned a level 5 spell: Fireball
  2889 | D:5      | Noticed a water moccasin
  2900 | D:5      | Killed a water moccasin
  2949 | D:5      | Reached skill level 5 in Fire Magic
  2955 | D:5      | HP: 1/33 [gnoll sergeant/+0 trident (12)]
  2957 | D:5      | Reached XP level 7. HP: 1/37 MP: 1/12
  2991 | D:5      | Upgraded the game from 0.27-a0-1186-g8b4daa1eef to
                  | 0.27-a0-1188-g73eefd5def
  3531 | D:5      | Reached skill level 1 in Fighting
  3632 | D:5      | Found a staircase to the Ecumenical Temple.
  3641 | Temple   | Entered the Ecumenical Temple
  3676 | Temple   | Became a worshipper of Vehumet
  3879 | D:5      | Reached skill level 1 in Shields
  3879 | D:5      | Reached skill level 5 in Conjurations
  3879 | D:5      | Reached XP level 8. HP: 25/43 MP: 7/15
  3882 | D:5      | Learned a level 2 spell: Blink
  3884 | D:5      | Learned a level 1 spell: Magic Dart
  4192 | D:5      | Identified the +4 war axe "Daigh" {holy, rF- rCorr Str+4}
  4453 | D:6      | Reached skill level 5 in Spellcasting
  4870 | D:6      | Found Fyver's Serpentskin Sales.
  4877 | D:6      | Identified the +7 short sword of Bloody Death {venom, rC+
                  | rN+ Dex-5}
  5014 | D:6      | Learned a level 5 spell: Bolt of Magma
  5505 | D:7      | Reached * piety under Vehumet
  5505 | D:7      | Offered knowledge of Freeze by Vehumet.
  5756 | D:7      | Reached XP level 9. HP: 38/47 MP: 13/18
  5886 | D:7      | Found a hide-covered altar of Uskayaw.
  5886 | D:7      | Found a stormy altar of Qazlal.
  5989 | D:7      | Found a runed translucent door.
  5989 | D:7      | Noticed Crazy Yiuf
  5996 | D:7      | Killed Crazy Yiuf
  6711 | D:7      | Learned a level 1 spell: Freeze
  6871 | D:8      | Noticed Maggie
  6880 | D:8      | Killed Maggie
  6881 | D:8      | Reached skill level 1 in Maces & Flails
  7017 | D:8      | Noticed a two-headed ogre
  7027 | D:8      | Killed a two-headed ogre
  7074 | D:8      | Noticed Erica
  7084 | D:8      | Killed Erica
  7085 | D:8      | Reached XP level 10. HP: 53/53 MP: 9/22
  7187 | D:8      | Reached ** piety under Vehumet
  7243 | D:8      | Noticed Harold
  7267 | D:8      | HP: 2/53 [Harold/+0 glaive (4)]
  7268 | D:8      | Slain by Harold

Illustrated notes

Levels and vault maps discovered:
D:1:      ebering_trefoil_twist, layout_loops_ring
D:2:      layout_basic, amcnicky_mini_rare_corridor_liquid, uniq_terence
D:3:      layout_loops_ring, lemuel_crystal_altar, lightli_temple_of_fire,
          uniq_jessica
D:4:      layout_cave_pools, corexii_hall_statues_u,
          minmay_misc_feat_four_crosses, uniq_robin
D:5:      layout_loops_ring, minmay_temple_entry_junction_2
D:6:      layout_basic, serial_bayou_lagoon_a, grunt_decor_mini_mirrors,
          minivault_22, guppyfry_shop_venom
D:7:      layout_basic, grunt_temple_overflow_open, roderic_roman_lattice,
          uniq_crazy_yiuf_cottage
D:8:      corexii_shantytown, layout_basic, serial_shops, nicolae_shop_stone,
          minmay_misc_feat_enclosed, uniq_harold, uniq_maggie, uniq_erica,
          uniq_grum
Temple:   regret_index_temple_mists

Skill      XL: |  1  2  3  4  5  6  7  8  9 |
---------------+----------------------------+-----
Conjurations   | 2 3 4 5 6 8 |  8.1
Fire Magic     | 4 5 6 7 |  7.6
Spellcasting   | 3 4 6 8 |  8.3
Dodging        | 2 |  2.9
Fighting       | 1 |  1.6
Shields        | 1 |  1.8
Maces & Flails | 2 |  2.3
Staves         | |  0.6
Stealth        | |  2.1
Translocations | |  0.5

Action                   |  1- 3 |  4- 6 |  7- 9 | 10-12 || total
-------------------------+-------+-------+-------+-------++-------
Melee: Staff             |       |    17 |       |       ||    17
       Whip              |       |       |    32 |     5 ||    37
 Cast: Foxfire           |    63 |    65 |   169 |    10 ||   307
       Sticky Flame      |       |       |    14 |     3 ||    17
       Magic Dart        |       |       |    10 |       ||    10
       Blink             |       |       |     1 |       ||     1
  Use: Scroll            |     1 |     1 |     5 |       ||     7
       Potion            |       |       |     1 |     3 ||     4
Armor: Robe              |    19 |    16 |    31 |       ||    66
       Steam dragon scal |       |       |       |     2 ||     2
Dodge: Dodged            |    35 |    43 |    49 |     4 ||   131
Block: Other             |       |    18 |    18 |     1 ||    37
       Reflection        |       |     3 |       |       ||     3

Table legend: (Time is in decaauts)
 A = Elapsed time spent in this place.
 B = Non-inter-level travel time spent in this place.
 C = Inter-level travel time spent in this place.
 D = Time resting spent in this place.
 E = Time spent auto-exploring this place.
 F = Levels seen in this place.
 G = Mean time per level.
                   A        B        C        D        E       F      G
               +--------+--------+--------+--------+--------+-----+--------+
         Total |   7336 |   7156 |    180 |    634 |   5263 |   9 |  815.1 |
       Dungeon |   7113 |   6962 |    151 |    634 |   5078 |   8 |  889.1 |
        Temple |    223 |    194 |     29 |      0 |    185 |   1 |  223.0 |
               +--------+--------+--------+--------+--------+-----+--------+

Top non-repeatable levels by time:
     D:5: 1751 daAuts
     D:1: 1347 daAuts
     D:7: 1241 daAuts
     D:6: 1144 daAuts
     D:2: 1051 daAuts
     D:8: 528 daAuts
  Temple: 223 daAuts
     D:3: 33 daAuts
     D:4: 14 daAuts
